Map: Nightscape LE

Players

Lalan

  • Race: Protoss Protoss
  • League: Diamond
  • Spawn Location: 1:00

PandaFreser

  • Race: Zerg Zerg
  • Spawn Location: 1:00

Massa

  • Race: Terran Terran
  • League: Platinum
  • Spawn Location: 7:00

qqq

  • Race: Zerg Zerg
  • League: Platinum
  • Spawn Location: 7:00

VOD

Have the link to the VOD?

Description

Time

  • Played on: Dec. 7, 2020, 2:29 p.m.
  • Length: 12:42
Show
View Real Time Build Order
Export as new Build Order

Lalan Protoss 

Build Orders:  

Get SALT Encoding   

  12  0:00  Probe  
  13  0:15  Pylon  
  13  0:18  Probe  
  14  0:34  Gateway  
  14  0:35  Probe (Chrono Boost)  
  15  0:46  Assimilator  
  15  0:47  Probe (Chrono Boost)  
  16  0:53  Probe (Chrono Boost)  
  17  0:59  Pylon  
  17  1:01  Probe  
  18  1:25  Cybernetics Core  
  18  1:35  Probe  
  19  1:47  Probe  
  20  1:55  Warp Gate (Chrono Boost)  
  20  1:58  Gateway  
  20  2:00  Gateway  
  20  2:02  Gateway  
  20  2:14  Probe  
  21  2:28  Adept  
  22  2:32  Assimilator  
  22  2:33  Probe  
  23  2:41  Pylon  
  23  2:45  Probe  
  24  2:51  Adept  
  24  2:52  Adept  
  24  2:53  Adept  
  24  2:57  Probe  
  30  3:12  Adept  
  32  3:28  Pylon  
  32  3:34  Adept x2  
  32  3:35  Adept  
  38  3:56  Stalker  
  40  4:14  Nexus  
  40  4:35  Twilight Council  
  40  4:50  Robotics Facility  
  40  4:55  Pylon  
  30  5:27  Probe  
  25  5:28  Stalker x2  
  25  5:29  Stalker x2  
  25  5:35  Blink (Chrono Boost)  
  33  5:39  Probe  
  34  5:50  Pylon  
  34  5:51  Probe  
  34  5:56  Sentry  
  37  5:57  Sentry  
  37  6:03  Probe (Chrono Boost)  
  40  6:11  Stalker x2  
  40  6:13  Probe (Chrono Boost)  
  40  6:18  Probe (Chrono Boost)  
  45  6:22  Stalker x2  
  48  6:37  Probe (Chrono Boost)  
  49  6:47  Probe (Chrono Boost)  
  50  6:52  Probe (Chrono Boost)  
  47  6:55  Stalker x2  
  47  6:56  Stalker x2  
  55  7:10  Probe  
  55  7:12  Assimilator  
  55  7:14  Shield Battery  
  56  7:18  Assimilator  
  56  7:23  Probe (Chrono Boost), Robotics Bay  
  57  7:33  Probe (Chrono Boost)  
  57  7:34  Pylon  
  58  7:38  Probe (Chrono Boost)  
  59  7:49  Probe x2  
  61  7:55  Forge  
  61  8:00  Forge  
  61  8:01  Probe x2  
  61  8:05  Pylon  
  63  8:13  Probe  
  54  8:47  Stalker x4  
  60  9:04  Protoss Ground Weapons Level 1  
  60  9:05  Observer (Chrono Boost)  
  59  9:12  Probe  
  59  9:13  Photon Cannon  
  58  9:19  Shield Battery  
  56  9:26  Disruptor  
  59  9:32  Stalker  
  59  9:33  Stalker x2  
  59  9:34  Stalker  
  61  9:54  Probe  
  61  9:57  Extended Thermal Lance (Chrono Boost)  
  60  10:02  Disruptor  
  60  10:04  Photon Cannon  
  60  10:06  Shield Battery  
  63  10:15  Stalker x2  
  63  10:16  Stalker x2  
  71  10:23  Robotics Facility  
  71  10:27  Pylon  
  71  10:31  Probe (Chrono Boost)  
  72  10:41  Probe (Chrono Boost)  
  73  10:46  Probe (Chrono Boost)  
  73  10:47  Stalker x4  
  82  10:55  Nexus  
  82  10:56  Colossus  
  82  10:57  Probe, Pylon  
  82  11:01  Pylon  
  89  11:05  Pylon  
  89  11:09  Assimilator  
  87  11:12  Assimilator  
  85  11:20  Zealot x3  
  85  11:21  Zealot  
  85  11:44  Colossus  
  92  11:54  Gateway  
  91  11:56  Gateway  
  91  11:57  Gateway  
  91  12:00  Pylon  
  91  12:02  Pylon  
  91  12:04  Zealot  
  91  12:05  Zealot x3  
  105  12:20  Nexus  
  105  12:22  Gateway  
  105  12:23  Pylon  
  105  12:25  Probe (Chrono Boost), Gateway, Pylon  
  105  12:27  Assimilator  
  106  12:32  Assimilator  
  106  12:35  Probe x2 (Chrono Boost)  
Show
View Real Time Build Order
Export as new Build Order

PandaFreser Zerg 

Build Orders: Hatch First 

Get SALT Encoding   

  12  0:01  Drone  
  13  0:13  Overlord  
  13  0:17  Drone  
  14  0:31  Drone x2  
  16  0:36  Drone  
  17  0:56  Drone  
  18  0:57  Hatchery  
  18  1:01  Extractor  
  16  1:07  Drone  
  17  1:17  Spawning Pool  
  16  1:27  Drone x2  
  18  1:41  Drone x2  
  20  1:52  Drone  
  21  2:00  Overlord  
  21  2:05  Metabolic Boost  
  21  2:08  Queen  
  21  2:10  Queen  
  21  2:15  Drone  
  26  2:18  Zergling x2  
  27  2:26  Zergling x2  
  27  2:28  Overlord  
  28  2:34  Drone  
  28  2:35  Zergling x2  
  30  2:45  Drone  
  30  2:50  Drone  
  32  3:03  Zergling x4  
  34  3:09  Overlord  
  34  3:13  Zergling x2  
  34  3:14  Zergling x2  
  34  3:16  Zergling x2  
  34  3:17  Zergling x4  
  34  3:18  Zergling x6  
  42  3:23  Lair  
  42  3:47  Drone, Hatchery  
  42  3:48  Drone x3  
  40  4:13  Extractor x2  
  40  4:14  Extractor  
  40  4:15  Drone  
  40  4:16  Drone x6  
  40  4:43  Drone x3  
  40  4:44  Drone x2  
  45  4:51  Spire  
  44  4:55  Evolution Chamber  
  44  4:59  Queen  
  45  5:00  Drone  
  45  5:02  Drone x6  
  52  5:14  Overlord x3  
  52  5:15  Drone x2  
  54  5:26  Drone  
  54  5:28  Overlord x2  
  55  5:43  Zergling x6  
  58  5:56  Drone  
  53  5:57  Drone x11  
  53  5:58  Queen  
  61  6:07  Mutalisk  
  63  6:13  Mutalisk x3  
  63  6:14  Mutalisk  
  62  6:24  Mutalisk x2  
  62  6:25  Mutalisk  
  59  6:32  Drone x2  
  61  6:33  Drone  
  62  6:44  Mutalisk x3  
  62  6:45  Mutalisk  
  70  6:54  Mutalisk  
  72  7:10  Queen  
  74  7:26  Mutalisk x3  
  80  7:43  Extractor  
  79  7:44  Extractor  
  79  7:49  Drone  
  79  7:50  Drone x11  
  90  7:51  Overlord x4  
  90  8:15  Zerg Flyer Weapons Level 1  
  90  8:19  Zergling x2  
  91  8:20  Zergling x8  
  91  8:21  Zergling x14  
  100  9:00  Mutalisk x8  
  102  9:10  Overseer  
  102  9:12  Overseer  
  98  9:21  Zergling x12  
  94  9:50  Mutalisk  
  94  9:51  Mutalisk x4  
  87  11:08  Zergling x2  
  87  11:09  Zergling x14  
  89  11:25  Mutalisk  
  89  11:26  Mutalisk x2  
  95  11:41  Mutalisk x2  
  99  11:56  Mutalisk x4  
  107  12:02  Hatchery  
  107  12:03  Hatchery  
Show
View Real Time Build Order
Export as new Build Order

Massa Terran 

Build Orders:  

Get SALT Encoding   

  12  0:00  SCV  
  13  0:12  SCV  
  14  0:22  Supply Depot  
  14  0:24  SCV  
  15  0:32  Refinery  
  15  0:43  SCV  
  15  0:44  Barracks  
  16  0:55  SCV  
  17  1:07  SCV  
  18  1:20  SCV  
  20  1:36  Orbital Command  
  20  1:38  Reaper  
  20  1:45  Command Center  
  20  2:06  SCV  
  21  2:10  Factory, Marine  
  21  2:14  Supply Depot  
  22  2:21  SCV  
  22  2:33  Barracks  
  22  2:39  Barracks Tech Lab  
  22  2:40  SCV  
  23  2:46  Barracks  
  23  2:53  Supply Depot  
  22  3:13  Factory Tech Lab  
  22  3:15  Marauder  
  22  3:16  Stimpack  
  24  3:21  Marine  
  24  3:22  Supply Depot  
  24  3:24  Orbital Command  
  25  3:36  Marauder  
  27  3:43  Refinery, SCV  
  28  3:52  Siege Tank  
  28  3:54  Marine x2  
  28  3:55  SCV  
  34  3:57  Marine  
  29  4:11  SCV x2, Marine x2  
  29  4:15  Marauder  
  35  4:21  Bunker  
  35  4:32  Marine x2  
  35  4:37  Marauder  
  39  4:39  SCV x2  
  39  4:43  Barracks  
  41  4:50  Marine x2  
  41  4:51  SCV x2  
  45  4:56  Concussive Shells  
  45  4:58  Marauder  
  47  5:03  SCV x2  
  47  5:05  Starport  
  49  5:11  Marine x2  
  51  5:15  SCV  
  51  5:20  Marauder  
  54  5:29  Marine x2, Siege Tank  
  54  5:31  Marine  
  54  5:34  SCV  
  54  5:35  SCV  
  62  5:41  Starport Tech Lab  
  62  5:43  Supply Depot  
  62  5:46  Supply Depot  
  62  5:48  Supply Depot  
  62  5:51  Barracks Tech Lab  
  62  5:53  Barracks Reactor  
  62  6:03  Refinery  
  62  6:04  Marine x2  
  62  6:05  SCV x2  
  64  6:21  Marauder  
  64  6:22  Marine  
  64  6:23  Marauder  
  60  6:32  Banshee  
  59  6:34  Marine x2  
  61  6:40  Marine  
  61  6:42  Marauder  
  61  6:44  Marauder  
  61  6:45  Refinery  
  61  6:46  Command Center  
  66  6:49  Combat Shield  
  66  6:51  Marine x2  
  69  7:01  Engineering Bay  
  69  7:03  Marauder  
  69  7:06  Marauder  
  73  7:09  Marine  
  73  7:10  Barracks Reactor  
  73  7:12  Marine  
  76  7:15  Widow Mine  
  76  7:25  Marauder  
  76  7:27  Marauder, Marine  
  76  7:29  Cloaking Field  
  83  7:42  Marine  
  84  7:45  Marine  
  84  7:46  Siege Tank  
  86  7:56  Supply Depot  
  86  7:57  Missile Turret, Supply Depot  
  86  7:58  Marauder x2, Marine x2  
  92  8:00  Marine  
  92  8:01  Missile Turret  
  92  8:03  Marine  
  96  8:20  Marauder x2  
  96  8:33  Marine  
  96  8:34  Marine  
  96  8:41  Marauder x2  
  91  8:58  Medivac  
  97  9:02  Marauder x2  
  97  9:10  Marine x4  
  101  9:23  Marine x2  
  103  9:28  Marine, Medivac  
  106  9:59  Marine  
  106  10:00  Marine x5  
  106  10:02  SCV  
  106  10:03  SCV x2  
  112  10:17  Marine  
  105  10:30  SCV  
  105  10:31  SCV  
  106  10:36  Missile Turret  
  106  10:46  Missile Turret  
  25  11:23  Marauder x2, Marine x3  
  25  11:24  Marine  
  14  11:26  SCV x3  
  12  11:38  SCV x3  
  12  11:39  Missile Turret  
  15  11:40  Missile Turret  
  15  11:41  Marine x4  
  15  11:44  Marauder  
  15  11:45  Marauder  
  23  11:50  SCV  
  23  11:59  Marine x4  
  27  12:05  Marine x2  
  21  12:15  Missile Turret  
  17  12:17  Marine  
Show
View Real Time Build Order
Export as new Build Order

qqq Zerg 

Build Orders: Hatch First 

Get SALT Encoding   

  12  0:00  Drone  
  13  0:08  Drone  
  14  0:22  Overlord  
  14  0:49  Drone  
  15  0:50  Drone  
  15  0:54  Hatchery, Drone  
  16  1:12  Spawning Pool  
  15  1:43  Spawning Pool  
  15  1:44  Extractor, Drone x2  
  15  1:45  Drone  
  16  2:00  Drone  
  17  2:01  Queen  
  19  2:12  Drone, Queen  
  23  2:15  Drone  
  23  2:18  Drone  
  24  2:31  Spine Crawler  
  24  2:32  Overlord  
  24  2:36  Drone  
  24  2:39  Drone  
  25  2:49  Drone  
  25  2:50  Drone  
  27  2:52  Drone  
  27  2:55  Drone  
  29  2:59  Metabolic Boost  
  29  3:02  Zergling x2  
  30  3:07  Drone  
  30  3:12  Zergling x2  
  32  3:16  Drone  
  32  3:19  Zergling x6  
  36  3:31  Roach Warren, Overlord  
  35  3:35  Drone  
  36  3:53  Spine Crawler  
  36  3:54  Spine Crawler, Zergling x6  
  37  4:09  Zergling x2  
  39  4:10  Zergling x8  
  39  4:12  Zergling x2  
  43  4:32  Overlord x2  
  43  4:40  Overlord x3  
  43  4:42  Lair  
  43  4:45  Overlord  
  43  4:59  Roach  
  45  5:00  Roach  
  45  5:01  Roach x3  
  45  5:03  Drone  
  47  5:27  Roach x4  
  55  5:29  Roach x3  
  55  5:33  Drone  
  55  5:34  Drone  
  58  6:09  Roach x4  
  58  6:10  Overlord x2  
  58  6:11  Overlord  
  65  6:13  Zergling x8  
  62  6:37  Zergling x10  
  51  6:58  Roach  
  51  6:59  Roach  
  51  7:00  Hatchery  
  50  7:02  Extractor  
  50  7:04  Glial Reconstitution  
  49  7:08  Drone  
  49  7:09  Extractor  
  49  7:14  Drone, Roach x2  
  54  7:19  Drone  
  54  7:20  Drone x2  
  57  7:32  Overlord  
  57  7:35  Drone x5  
  62  7:42  Evolution Chamber  
  62  7:43  Evolution Chamber  
  60  7:44  Extractor  
  60  7:46  Roach x2  
  60  7:47  Drone  
  60  7:50  Drone  
  65  7:59  Roach  
  65  8:00  Drone x2  
  65  8:02  Drone  
  56  8:32  Spore Crawler x2  
  42  9:06  Drone  
  42  9:07  Drone x3  
  43  9:15  Zergling x12  
  48  9:22  Drone  
  48  9:23  Drone x3  
  52  9:25  Queen  
  52  9:27  Spore Crawler  
  53  9:36  Infestation Pit  
  52  9:47  Drone x2  
  46  9:57  Drone  
  46  9:58  Drone x3  
  38  10:10  Drone x2  
  40  10:23  Infestor x2  
  43  10:34  Spore Crawler x2  
  34  10:46  Drone  
  35  10:51  Drone, Spore Crawler  
  33  11:09  Spore Crawler  
  32  11:13  Burrow  
  32  11:17  Spore Crawler  
  31  11:19  Infestor  
  31  11:24  Drone x2  
  35  11:44  Hatchery  
  34  11:54  Hydralisk Den  
  34  11:59  Infestor x3  
  33  12:12  Drone x3  
Tags
 
Add a new tag
Caveats
  • Supply blocks, unpowered buildings, or Contaminate may cause inaccurate times.
  • Supply counts are checked every 10 seconds.